 Dungeon Crawl Stone Soup version 0.26-a0-660-gc07710193c (webtiles) character file.

Game seed: 16145584741818607619

313 pichaelthompson the Shield-Bearer (level 6, 0/53 HPs)
             Began as a Gnoll Fighter on Oct 6, 2020.
             Killed from afar by an orc wizard (4 damage)
             ... with a magic dart
             ... on level 3 of the Dungeon.
             The game lasted 00:03:34 (1622 turns).

pichaelthompson the Shield-Bearer (Gnoll Fighter)   Turns: 1622, Time: 00:03:34

Health: 0/53       AC:  7    Str: 18    XL:     6   Next: 43%
Magic:  9/9        EV:  9    Int: 11    God:
Gold:   163        SH: 11    Dex: 16    Spells: 9/9 levels left

rFire    . . .     SeeInvis .   a - +0 trident
rCold    . . .     Faith    .   c - +0 kite shield
rNeg     . . .     Spirit   .   b - +0 scale mail
rPois    .         Reflect  .   (no helmet)
rElec    .         Harm     .   (no cloak)
rCorr    .         Rampage  .   (no gloves)
MR       .....                  (no boots)
Stlth    +.........             (no amulet)
HPRegen  0.17/turn              (no ring)
MPRegen  0.11/turn              (no ring)

@: mighty
A: distributed training, fangs 1, strong nose
a: no special abilities


You were on level 3 of the Dungeon.
You visited 1 branch of the dungeon, and saw 3 of its levels.

You collected 163 gold pieces.

Inventory:

Hand Weapons
 a - a +0 trident (weapon)
Armour
 b - a +0 scale mail (worn)
 c - a +0 kite shield (worn)
Jewellery
 m - an uncursed ring of flight {unknown}
Scrolls
 e - 2 scrolls of remove curse {unknown}
 f - 4 scrolls of identify {unknown}
 g - 3 scrolls of teleportation {unknown}
 h - a scroll of enchant armour {unknown}
 j - a scroll of blinking {unknown}
 k - a scroll of noise {unknown}
Potions
 i - a potion of stabbing {unknown}
 l - a potion of haste {unknown}


   Skills:
 + Level 6.8 Fighting
 + Level 2.0 Short Blades
 + Level 2.0 Long Blades
 + Level 2.0 Axes
 + Level 2.0 Maces & Flails
 + Level 5.0 Polearms
 + Level 2.0 Staves
 + Level 2.0 Slings
 + Level 2.0 Bows
 + Level 2.0 Crossbows
 + Level 2.0 Throwing
 + Level 6.8 Armour
 + Level 2.0 Dodging
 + Level 2.0 Stealth
 + Level 6.8 Shields
 + Level 2.0 Unarmed Combat
 + Level 2.0 Spellcasting
 + Level 1.5 Conjurations
 + Level 1.5 Hexes
 + Level 1.5 Summonings
 + Level 1.5 Necromancy
 + Level 1.5 Translocations
 + Level 1.5 Transmutations
 + Level 1.5 Fire Magic
 + Level 1.5 Ice Magic
 + Level 1.5 Air Magic
 + Level 1.5 Earth Magic
 + Level 1.5 Poison Magic
 + Level 2.1 Invocations
 + Level 2.0 Evocations


You had 9 spell levels left.
You didn't know any spells.
Your spell library was empty.

Dungeon Overview and Level Annotations

Branches:
Dungeon (3/15)

Altars:
Fedhas
Okawaru
Trog


Innate Abilities, Weirdness & Mutations

Your experience applies equally to all skills.
You have very sharp teeth.
Your uncanny sense of smell can sniff out nearby items.


Message History

You hear some strange, mumbled words.
You are confused.
You miss something.
Something hits you but does no damage. x2
You completely miss something. Something hits you but does no damage.
You completely miss something. You bite something.
Something hits you but does no damage.
You bump into the rock wall.
You hear some strange, mumbled words.
Something tries to affect you, but you resist.
You bump into the rock wall.
You hear some strange, mumbled words.
A magic dart appears from out of thin air!
The magic dart hits you!
* * * LOW HITPOINT WARNING * * *
You completely miss something.
You feel less confused.
You hear some strange, mumbled words.
A magic dart appears from out of thin air!
The magic dart hits you.
You die...

## ..#
##...#.
###)......
###.{)......
#).@#)......
#...###...##
#.....#∆....
#.P.P.# ##.
#.._..#
#.P.P.#
#.....#
###.### #.#


There were no monsters in sight!

Vanquished Creatures
  Sigmund (D:2)
  An orc wizard (D:3)
  Jessica (D:2)
  3 adders (D:2)
  2 oozes
  A worm (D:3)
  3 dart slugs
  A leopard gecko (D:2)
  3 orcs (D:3)
  7 bats
  A giant cockroach (D:2)
  5 goblins
  8 hobgoblins
  3 jackals (D:3)
  8 kobolds
  2 frilled lizards (D:1)
  4 rats
54 creatures vanquished.

Notes
Turn   | Place    | Note
-------+----------+-------------------------------------------
     0 | D:1      | pichaelthompson the Gnoll Fighter began the quest for the
                  | Orb.
     0 | D:1      | Reached XP level 1. HP: 23/23 MP: 1/1
   227 | D:1      | Reached XP level 2. HP: 29/29 MP: 2/2
   441 | D:1      | Reached XP level 3. HP: 35/35 MP: 3/3
   605 | D:2      | Noticed Jessica
   611 | D:2      | Killed Jessica
   611 | D:2      | Reached skill level 1 in Short Blades
   611 | D:2      | Reached skill level 1 in Long Blades
   611 | D:2      | Reached skill level 1 in Axes
   611 | D:2      | Reached skill level 1 in Maces & Flails
   611 | D:2      | Reached skill level 1 in Staves
   611 | D:2      | Reached skill level 1 in Slings
   611 | D:2      | Reached skill level 1 in Bows
   611 | D:2      | Reached skill level 1 in Crossbows
   611 | D:2      | Reached skill level 1 in Throwing
   611 | D:2      | Reached skill level 1 in Dodging
   611 | D:2      | Reached skill level 1 in Stealth
   611 | D:2      | Reached skill level 1 in Unarmed Combat
   611 | D:2      | Reached skill level 1 in Spellcasting
   611 | D:2      | Reached skill level 1 in Invocations
   611 | D:2      | Reached skill level 1 in Evocations
   638 | D:2      | Reached XP level 4. HP: 37/41 MP: 5/5
   794 | D:2      | Noticed Sigmund
   815 | D:2      | Killed Sigmund
   815 | D:2      | Reached skill level 1 in Conjurations
   815 | D:2      | Reached skill level 1 in Hexes
   815 | D:2      | Reached skill level 1 in Summonings
   815 | D:2      | Reached skill level 1 in Necromancy
   815 | D:2      | Reached skill level 1 in Translocations
   815 | D:2      | Reached skill level 1 in Transmutations
   815 | D:2      | Reached skill level 1 in Fire Magic
   815 | D:2      | Reached skill level 1 in Ice Magic
   815 | D:2      | Reached skill level 1 in Air Magic
   815 | D:2      | Reached skill level 1 in Earth Magic
   815 | D:2      | Reached skill level 1 in Poison Magic
   815 | D:2      | Reached XP level 5. HP: 14/47 MP: 5/7
   815 | D:2      | Reached XP level 6. HP: 16/53 MP: 5/8
  1172 | D:2      | Found an iron altar of Okawaru.
  1352 | D:2      | Found a bloodstained altar of Trog.
  1452 | D:3      | Found a faded altar of an unknown god.
  1580 | D:3      | Found a blossoming altar of Fedhas.
  1608 | D:3      | Reached skill level 5 in Polearms
  1622 | D:3      | Killed from afar by an orc wizard

Illustrated notes

Levels and vault maps discovered:
D:1:      dpeg_arrival_lava_temple_mockup, layout_rooms
D:2:      layout_rooms, okawaru_metal_pillars_1_2, lightli_temple_of_fire,
          uniq_jessica, uniq_sigmund
D:3:      layout_loops_ring, fedhas_altar_1, portal_sewer_entry_e,
          chequers_ecumenical_altar_grove, minmay_misc_feat_x, uniq_ijyb

Skill      XL: |  1  2  3  4  5  6 |
---------------+-------------------+-----
Short Blades   | 1 2 |  2.0
Long Blades    | 1 2 |  2.0
Axes           | 1 2 |  2.0
Maces & Flails | 1 2 |  2.0
Staves         | 1 2 |  2.0
Slings         | 1 2 |  2.0
Bows           | 1 2 |  2.0
Crossbows      | 1 2 |  2.0
Throwing       | 1 2 |  2.0
Dodging        | 1 2 |  2.0
Stealth        | 1 2 |  2.0
Unarmed Combat | 1 2 |  2.0
Spellcasting   | 1 2 |  2.0
Invocations    | 1 2 |  2.1
Evocations     | 1 2 |  2.0
Conjurations   | 1 |  1.5
Hexes          | 1 |  1.5
Summonings     | 1 |  1.5
Necromancy     | 1 |  1.5
Translocations | 1 |  1.5
Transmutations | 1 |  1.5
Fire Magic     | 1 |  1.5
Ice Magic      | 1 |  1.5
Air Magic      | 1 |  1.5
Earth Magic    | 1 |  1.5
Poison Magic   | 1 |  1.5
Polearms       | 5 |  5.0
Fighting       | |  6.8
Armour         | |  6.8
Shields        | |  6.8

Action                   |  1- 3 |  4- 6 || total
-------------------------+-------+-------++-------
Melee: Trident           |    63 |   100 ||   163
       Bite              |     8 |    13 ||    21
  Use: Potion            |       |     1 ||     1
Armor: Scale mail        |     9 |    30 ||    39
Dodge: Dodged            |    15 |    12 ||    27
Block: Kite shield       |    22 |    59 ||    81

Table legend: (Time is in decaauts)
 A = Elapsed time spent in this place.
 B = Non-inter-level travel time spent in this place.
 C = Inter-level travel time spent in this place.
 D = Time resting spent in this place.
 E = Time spent auto-exploring this place.
 F = Levels seen in this place.
 G = Mean time per level.
                   A        B        C        D        E       F      G
               +--------+--------+--------+--------+--------+-----+--------+
         Total |   1642 |   1642 |      0 |    174 |    919 |   3 |  547.3 |
       Dungeon |   1642 |   1642 |      0 |    174 |    919 |   3 |  547.3 |
               +--------+--------+--------+--------+--------+-----+--------+

Top non-repeatable levels by time:
     D:2: 834 daAuts
     D:1: 596 daAuts
     D:3: 210 daAuts
